 Dungeon Crawl Stone Soup version 0.21.1-1-g345015fe64 (webtiles) character file.

37 RUZZLEFAZAZZLE the Magician (level 3, 0/26 HPs)
             Began as a Human Wizard on Feb 9, 2018.
             Slain by Robin
             ... wielding a +0 short sword
              (4 damage)
             ... on level 1 of the Dungeon.
             The game lasted 00:05:23 (2201 turns).

RUZZLEFAZAZZLE the Magician (Human Wizard)          Turns: 2201, Time: 00:05:23

Health: 0/26       AC:  2    Str:  8    XL:     3   Next: 62%
Magic:  1/8        EV: 12    Int: 18    God:
Gold:   49         SH:  0    Dex: 11    Spells: 6/9 levels left

rFire    . . .     SeeInvis .   f - -3 dagger (curse)
rCold    . . .     Gourm    .   (no shield)
rNeg     . . .     Faith    .   a - +0 robe
rPois    .         Spirit   .   b - +0 hat
rElec    .         Reflect  .   (no cloak)
rCorr    .         Harm     .   (no gloves)
MR       .....                  (no boots)
Stlth    ++........             (no amulet)
HPRegen  0.08/turn              (no ring)
MPRegen  0.11/turn              (no ring)

@: very slightly contaminated
A: no striking features
a: no special abilities


You were on level 1 of the Dungeon.
You were not hungry.

You visited 1 branch of the dungeon, and saw 2 of its levels.

You collected 49 gold pieces.

Inventory:

Hand Weapons
 f - a cursed -3 dagger (weapon)
Armour
 a - a +0 robe (worn)
 b - a +0 hat (worn)
Scrolls
 e - a scroll of identify
Books
 c - a book of Minor Magic

   Spells                             Type                      Level
   a - Magic Dart                     Conjuration                  1
   b - Blink                          Translocation                2
   c - Call Imp                       Summoning                    2
   d - Slow                           Hexes                        2
   e - Conjure Flame                  Conjuration/Fire             3
   f - Mephitic Cloud                 Conjuration/Poison/Air       3
Comestibles
 d - 3 chunks of flesh


   Skills:
 + Level 1.0 Fighting
 - Level 2.0 Dodging
 - Level 2.0 Stealth
 * Level 3.6 Spellcasting
 + Level 1.9 Conjurations
 - Level 1.0 Summonings
   Level 1.0 Translocations


You had 6 spell levels left.
You knew the following spells:

 Your Spells              Type           Power        Failure   Level  Hunger
a - Magic Dart            Conj           ##..         7%          1    None
b - Call Imp              Summ           #.......     16%         2    ##.....


Dungeon Overview and Level Annotations

Branches:
Dungeon (2/15)

Altars:

Annotations:
D:1 Robin


Message History

Robin is severely wounded.
Robin completely misses you.
You hit Robin but do no damage.
Robin is severely wounded.
Robin's bangles clink loudly.
Robin hits you with a short sword.
* * * LOW HITPOINT WARNING * * *
You hit Robin but do no damage.
Robin is severely wounded.
Robin closely misses you.
You barely miss Robin.
Robin is severely wounded.
Robin hits you but does no damage.
You hit Robin but do no damage.
Robin is severely wounded.
Robin closely misses you.
You hit Robin.
Robin is severely wounded.
Robin hits you with a short sword.
You die...

.# #.# #.....##.##.##.#.# .# #.#
#.###..........#.# .# #.# #.#
####.##.####.# .# #)#######.#
##+##.# #.# .# #.........#
##...#.####.. .## #####.#####
##............ ..# #..##
##.......#####.
..##########...####.........####.
...............)@g..........'....
..#########.................####.
#.# #...#####........#..... #.#
#..## #.#.....##.#### #.# #..####
#.##...###.#### #.# #.....#
#.###'## #.#... ..# #.###.# #.#
#.# #.#^## ### #.# #.# #.# #.#
#.#.# #.###.###.###.## #.#.##


You could see Robin.

Vanquished Creatures
  2 dart slugs (D:1)
  A leopard gecko (D:1)
  A ball python (D:2)
  5 bats
  2 giant cockroaches (D:1)
  5 goblins
  4 hobgoblins
  4 jackals (D:1)
  A kobold (D:1)
  A frilled lizard (D:2)
  3 rats (D:1)
29 creatures vanquished.

Notes
Turn   | Place    | Note
-------+----------+-------------------------------------------
     0 | D:1      | RUZZLEFAZAZZLE the Human Wizard began the quest for the Orb.
     0 | D:1      | Reached XP level 1. HP: 13/13 MP: 4/4
   572 | D:1      | Reached XP level 2. HP: 19/19 MP: 3/6
  1080 | D:1      | Reached XP level 3. HP: 14/25 MP: 1/7
  1530 | D:1      | Learned a level 2 spell: Call Imp
  1973 | D:2      | Noticed Robin
  2163 | D:1      | Reached skill level 1 in Fighting
  2201 | D:1      | Slain by Robin

Skill      XL: |  1  2  3 |
---------------+----------+-----
Fighting       | 1 |  1.0
Dodging        | |  2.0
Stealth        | |  2.0
Spellcasting   | |  3.6
Conjurations   | |  1.9
Summonings     | |  1.0
Translocations | |  1.0

Action                   || total
-------------------------++-------
Melee: Unarmed           ||    14
       Hand axe          ||    10
       Dagger            ||     8
 Cast: Magic Dart        ||    81
  Use: Scroll            ||     1
       Potion            ||     1
  Eat: Chunk             ||     2
       Ration            ||     1
Armor: Robe              ||    14
Dodge: Dodged            ||    41
